 Dungeon Crawl Stone Soup version 0.25-a0-201-g0bb11aece9 (webtiles) character file.

Game seed: 11804000617232192133, levelgen mode: deterministic

592 floatRand the Sneak (level 7, 0/46 HPs)
             Began as an Octopode Fighter on Dec 2, 2019.
             Slain by a phantom (6 damage)
             ... on level 5 of the Dungeon.
             The game lasted 00:06:21 (4600 turns).

floatRand the Sneak (Octopode Fighter)              Turns: 4600, Time: 00:06:21

Health: 0/46       AC:  1    Str: 16    XL:     7   Next: 39%
Magic:  7/7        EV: 12    Int: 10    God:
Gold:   133        SH: 10    Dex: 16    Spells: 6/6 levels left

rFire    . . .     SeeInvis .   n - +4 flail (holy)
rCold    + . .     Gourm    .   b - +0 shield
rNeg     . . .     Faith    .   (helmet restricted)
rPois    .         Spirit   .   (no amulet)
rElec    .         Reflect  .   f - +3 ring of dexterity
rCorr    .         Harm     .   s - ring of protection from cold (curse)
MR       .....                  (no ring)
Stlth    ++++......             (no ring)
HPRegen  0.15/turn              (no ring)
MPRegen  0.10/turn              (no ring)
                                (no ring)
                                (no ring)

@: no status effects
A: almost no armour, stealthy swim, amphibious, 8 rings, constrict 8, camouflage
1, gelatinous body 1
a: no special abilities


You were on level 5 of the Dungeon.
You were hungry.

You visited 1 branch of the dungeon, and saw 5 of its levels.

You collected 133 gold pieces.

Inventory:

Hand Weapons
 a - a +0 flail
 n - a +4 flail of holy wrath (weapon)
Armour
 b - a +0 shield (worn)
Jewellery
 f - a +3 ring of dexterity (left tentacle)
 s - a cursed ring of protection from cold (right tentacle)
Scrolls
 e - a scroll of remove curse
 h - 3 scrolls of teleportation
 i - a scroll of magic mapping
Potions
 c - 2 potions of curing {unknown}
 l - a potion of might
 m - a potion of ambrosia {unknown}
 q - a potion of flight
 r - 2 potions of resistance
Comestibles
 d - 6 rations


   Skills:
 - Level 3.0 Fighting
 + Level 4.8 Maces & Flails
 - Level 3.0 Dodging
 + Level 6.0 Stealth
 + Level 5.4 Shields


You had 6 spell levels left.
You didn't know any spells.
Your spell library was empty.

Dungeon Overview and Level Annotations

Branches:
Dungeon (5/15)
 Temple: D:4-7

Altars:
Ru

Shops:
D:4 (

Annotations:
D:3 1 runed translucent door, Crazy Yiuf, Grinder, Sigmund


Innate Abilities, Weirdness & Mutations

You cannot wear most types of armour.
You are very stealthy in the water. (Stealth+)
You are amphibious.
You can wear up to eight rings at the same time.
You can use your tentacles to constrict eight enemies at once.
Your skin changes colour to match your surroundings (Stealth+).
Your rubbery body absorbs attacks. (AC +1, EV +1)


Message History

You are too injured to fight recklessly!
You are too injured to fight recklessly!
The phantom hits you.
You closely miss the phantom.
The phantom is severely damaged.
The phantom closely misses you.
You hit the phantom.
The phantom convulses!
The phantom is almost destroyed.
The phantom hits you!
* * * LOW HITPOINT WARNING * * *
You miss the phantom.
The phantom is almost destroyed.
The phantom hits you.
* * * LOW HITPOINT WARNING * * *
The phantom blinks!
A phantom is nearby!
You closely miss the phantom. Your squeeze misses the phantom.
The phantom is almost destroyed.
You block the phantom's attack. The phantom hits you.
You die...

....####..####..#
#............. ...##
#..## #..##
#............ #.##
#..#
##..###........... #.
#..# #...............
#. #..###
#######........
##...###### ##.......
###......######......
##....W........####
##....@########
#....## #...## #....#
#....... #...###..
#.... ##. #....


You could see a phantom.

Vanquished Creatures
  Purgy (D:3)
  A centaur zombie (D:5)
  A crimson imp (D:4)
  2 orc priests (D:4)
  2 bullfrog skeletons (D:4)
  A worker ant (D:4)
  Natasha (thrice) (D:3)
  7 gnolls
  4 adders
  A shadow imp (D:5)
  2 oozes
  3 worms
  A dart slug (D:1)
  3 leopard geckos
  6 orcs (D:4)
  6 bats
  4 giant cockroaches
  12 goblins
  8 hobgoblins
  2 jackals (D:1)
  7 kobolds
  2 quokkas (D:2)
  A ball python (D:3)
  8 frilled lizards
  A quokka skeleton (D:5)
  7 rats
96 creatures vanquished.

Vanquished Creatures (others)
  21 toadstools (D:1)
21 creatures vanquished.

Grand Total: 117 creatures vanquished

Notes
Turn   | Place    | Note
-------+----------+-------------------------------------------
     0 | D:1      | floatRand the Octopode Fighter began the quest for the Orb.
     0 | D:1      | Reached XP level 1. HP: 16/16 MP: 1/1
   136 | D:1      | Reached XP level 2. HP: 21/21 MP: 2/2
   208 | D:1      | Reached skill level 1 in Stealth
   332 | D:1      | Reached XP level 3. HP: 24/26 MP: 3/3
   526 | D:1      | Reached skill level 2 in Stealth
   908 | D:2      | HP: 1/26 [worm (11)]
  1282 | D:2      | Reached XP level 4. HP: 11/31 MP: 4/4
  1540 | D:2      | Reached skill level 3 in Stealth
  2429 | D:3      | Reached XP level 5. HP: 36/36 MP: 5/5
  2436 | D:3      | Noticed Sigmund
  2457 | D:3      | Noticed Natasha
  2463 | D:3      | Killed Natasha
  2512 | D:3      | Noticed Natasha
  2521 | D:3      | Killed Natasha
  2577 | D:3      | Noticed Purgy
  2596 | D:3      | Killed Purgy
  2596 | D:3      | Reached skill level 4 in Stealth
  2596 | D:3      | Reached XP level 6. HP: 18/42 MP: 6/6
  2807 | D:3      | Found a runed translucent door.
  2808 | D:3      | Noticed Crazy Yiuf
  2896 | D:3      | Noticed Natasha
  2898 | D:3      | Killed Natasha
  2899 | D:3      | Noticed Grinder
  2965 | D:4      | Reached skill level 5 in Stealth
  2979 | D:4      | Found Zogiprish's Antique Weapon Shoppe.
  3441 | D:4      | Reached skill level 5 in Shields
  3530 | D:4      | Reached XP level 7. HP: 38/46 MP: 7/7
  4303 | D:5      | Entered Level 5 of the Dungeon
  4353 | D:5      | Found a sacrificial altar of Ru.
  4449 | D:5      | Reached skill level 6 in Stealth
  4600 | D:5      | Slain by a phantom

Levels and vault maps discovered:
D:1:      nagdon_arrival_zigzag_paths, layout_basic
D:2:      layout_basic, first_ration
D:3:      layout_loops_ring, uniq_grinder, uniq_purgy, uniq_natasha,
          uniq_sigmund, uniq_crazy_yiuf_cottage
D:4:      layout_basic, serial_shops, nicolae_shop_overgrown_old_shop
D:5:      layout_layer_cave, regret_index_temple_of_mockery, old_standard_altar,
          lemuel_round_altar, minmay_temple_entry_offerings

Skill      XL: |  1  2  3  4  5  6  7 |
---------------+----------------------+-----
Stealth        | 1 2 3 4 5 6 |  6.0
Maces & Flails | 3 4 |  4.8
Shields        | 4 5 |  5.4
Fighting       | |  3.0
Dodging        | |  3.0

Action                   |  1- 3 |  4- 6 |  7- 9 || total
-------------------------+-------+-------+-------++-------
Melee: Flail             |    70 |    80 |    51 ||   201
       Tentacles         |    18 |    21 |    11 ||    50
       Constrict         |    19 |    27 |     9 ||    55
  Use: Potion            |       |     5 |       ||     5
       Scroll            |       |     3 |     5 ||     8
 Stab: Sleeping          |    12 |     5 |     1 ||    18
       Distracted        |     2 |       |       ||     2
  Eat: Chunk             |     1 |     7 |     3 ||    11
Armor: Skin              |       |     3 |       ||     3
Dodge: Dodged            |    19 |    34 |    15 ||    68
Block: Shield            |    19 |    29 |    17 ||    65

Table legend:
 A = Non-vault XP
 B = Vault XP
 C = Vault XP percentage of total XP
 D = Non-vault monster count
 E = Vault monster count
 F = Vault count percentage of total count
                 A         B        C        D         E       F
            +---------+---------+-------+---------+---------+-------
      Total |     682 |     165 |  19.5 |      94 |       2 |   2.1
            +---------+---------+-------+---------+---------+-------
        D:1 |      51 |       0 |   0.0 |      30 |       0 |   0.0
        D:2 |     109 |       0 |   0.0 |      30 |       0 |   0.0
        D:3 |      77 |     165 |  68.2 |       7 |       2 |  22.2
        D:4 |     375 |       0 |   0.0 |      22 |       0 |   0.0
        D:5 |      70 |       0 |   0.0 |       5 |       0 |   0.0
            +---------+---------+-------+---------+---------+-------
